[Event "69th RUS-ch Women Higher League 2019"]
[Site "Yaroslavl"]
[Date "2019.06.29"]
[Round "3.10"]
[White "Voit, Daria"]
[Black "Schepetkova, Margarita"]
[Result "1-0"]
[ECO "D11"]
[WhiteElo "2339"]
[BlackElo "2241"]
[Annotator "NA"]
[PlyCount "95"]
[EventDate "2019.06.27"]
[EventType "swiss"]
[EventCountry "RUS"]
[SourceTitle "playchess.com"]
[Source "ChessBase"]
[SourceQuality "1"]
[TimeControl "40/5400+30:1800+30"]

1. d4 d5 2. c4 c6 3. Nf3 Nf6 4. e3 Bg4 5. h3 Bh5 6. g4 Bg6 7. Ne5 e6 8. Nxg6 hxg6 9. Nd2 Nbd7 10. Bg2 g5 11. O-O Bd6 12. Re1 Nf8 13. Qb3 Qb6 14. e4 dxe4 15. Nxe4 Nxe4 16. Rxe4 Be7 17. Be3 Ng6 18. d5 Qxb3 19. axb3 cxd5 20. cxd5 exd5 21. Rea4 Rd8 22. Rxa7 d4 23. Bd2 Nf4 24. Rxb7 Rh6 25. Raa7 Re6 26. Bc6+ Kf8 27. Rxe7 Rxe7 28. Bb4 Ng6 29. Bb5 Rb8 30. Bd6 Rd8 31. Bc5 Rb8 32. Bc4 Ke8 33. Bxe7 Nxe7 34. Kf1 f6 35. Ke2 Kf8 36. Kd2 Rd8 37. b4 Nc6 38. Rf7+ Ke8 39. Rxg7 Ne5 40. b3 Rd6 41. b5 d3 42. Rc7 Nf3+ 43. Kd1 Nd4 44. Rc5 Ne2 45. Kd2 Nf4 46. Rc6 Rd4 47. b6 Kd7 48. b7 1-0

[Event "69th RUS-ch Women Higher League 2019"]
[Site "Yaroslavl"]
[Date "2019.06.29"]
[Round "3.11"]
[White "Solozhenkina, Elizaveta"]
[Black "Bykova, Anastasia"]
[Result "1/2-1/2"]
[ECO "B17"]
[WhiteElo "2324"]
[BlackElo "2229"]
[Annotator "NA"]
[PlyCount "93"]
[EventDate "2019.06.27"]
[EventType "swiss"]
[EventCountry "RUS"]
[SourceTitle "playchess.com"]
[Source "ChessBase"]
[SourceQuality "1"]
[TimeControl "40/5400+30:1800+30"]

1. e4 c6 2. d4 d5 3. Nc3 dxe4 4. Nxe4 Nd7 5. Nf3 Ngf6 6. Nxf6+ Nxf6 7. c3 Bg4 8. h3 Bxf3 9. Qxf3 Qd5 10. Be2 Qxf3 11. Bxf3 e6 12. O-O Be7 13. Re1 O-O 14. Bf4 Rfd8 15. Rad1 Rd7 16. Be5 a5 17. a3 Nd5 18. c4 Nb6 19. Be2 Rad8 20. Rb1 Nc8 21. Bg4 g6 22. g3 h5 23. Be2 f6 24. Bf4 Bd6 25. Bd2 Bc7 26. Bc3 Ne7 27. g4 h4 28. b4 axb4 29. axb4 Kf7 30. b5 g5 31. Bf3 Bb8 32. bxc6 bxc6 33. Rb2 Ba7 34. Rbe2 Bxd4 35. Bxd4 Rxd4 36. Rxe6 Ng6 37. Rxc6 Ne5 38. Rc7+ Kf8 39. Bd5 R4xd5 40. cxd5 Nf3+ 41. Kf1 Nxe1 42. Kxe1 Rxd5 43. Ke2 Re5+ 44. Kf3 Re6 45. Ra7 Re5 46. Rb7 Re4 47. Kxe4 1/2-1/2

[Event "69th RUS-ch Women Higher League 2019"]
[Site "Yaroslavl"]
[Date "2019.06.29"]
[Round "3.12"]
[White "Paramzina, Anastasya"]
[Black "Diakonova, Ekaterina"]
[Result "1/2-1/2"]
[ECO "B11"]
[WhiteElo "2300"]
[BlackElo "2196"]
[Annotator "NA"]
[PlyCount "82"]
[EventDate "2019.06.27"]
[EventType "swiss"]
[EventCountry "RUS"]
[SourceTitle "playchess.com"]
[Source "ChessBase"]
[SourceQuality "1"]
[TimeControl "40/5400+30:1800+30"]

1. e4 c6 2. Nc3 d5 3. Nf3 Bg4 4. h3 Bxf3 5. Qxf3 e6 6. d3 Nd7 7. Bd2 g6 8. g4 Bg7 9. h4 h6 10. Qg3 Ne7 11. Be2 Qb6 12. O-O-O Nc5 13. e5 d4 14. Ne4 Nxe4 15. dxe4 O-O-O 16. f4 Qc7 17. Qa3 b6 18. g5 h5 19. c3 Kb8 20. Kb1 c5 21. cxd4 Rxd4 22. Be3 Rxd1+ 23. Rxd1 Rd8 24. Qa4 Rxd1+ 25. Qxd1 Nc6 26. Qd6 Qxd6 27. exd6 Bd4 28. Bb5 Bxe3 29. Bxc6 Bxf4 30. Be8 Bxd6 31. Bxf7 Bg3 32. Bxg6 Bxh4 33. Bxh5 Bxg5 34. Bf7 e5 35. a4 Kc7 36. Kc2 Be3 37. Kd3 Bd4 38. b3 a5 39. Bg8 Ba1 40. Bf7 Bd4 41. Bg8 Ba1 1/2-1/2

[Event "69th RUS-ch Women Higher League 2019"]
[Site "Yaroslavl"]
[Date "2019.06.29"]
[Round "3.13"]
[White "Maletina, Tatiana"]
[Black "Utiatskaja, Irina"]
[Result "1/2-1/2"]
[ECO "E81"]
[WhiteElo "2273"]
[BlackElo "2192"]
[Annotator "NA"]
[PlyCount "126"]
[EventDate "2019.06.27"]
[EventType "swiss"]
[EventCountry "RUS"]
[SourceTitle "playchess.com"]
[Source "ChessBase"]
[SourceQuality "1"]
[TimeControl "40/5400+30:1800+30"]

1. d4 Nf6 2. c4 g6 3. f3 Bg7 4. e4 d6 5. Nc3 O-O 6. Be3 c5 7. Nge2 Nc6 8. d5 Ne5 9. Ng3 h5 10. Be2 h4 11. Nf1 e6 12. h3 exd5 13. cxd5 b5 14. Nxb5 Rb8 15. Nd2 Nh5 16. O-O Ng3 17. f4 Bh6 18. Rf2 f5 19. Nf1 Nxe4 20. fxe5 Bxe3 21. Nxe3 Nxf2 22. Kxf2 Qg5 23. Nf1 Qf4+ 24. Kg1 Qxe5 25. Qc2 Re8 26. Nc3 Qd4+ 27. Kh1 Qf2 28. Rc1 Bd7 29. b3 Re7 30. Bc4 Qxc2 31. Rxc2 Re1 32. Kg1 Rbe8 33. Kf2 g5 34. Be2 Ra1 35. Ne3 Rh1 36. Nc4 g4 37. Nxd6 Rf8 38. Nc4 gxh3 39. gxh3 f4 40. Ne5 Bxh3 41. Nf3 Kh8 42. Ne4 Bf5 43. Rc4 h3 44. Neg5 h2 45. Rxf4 Kg7 46. Kg2 Ra1 47. Nxh2 Rxa2 48. Rf2 Kh6 49. Ne6 Be4+ 50. Kg3 Rxf2 51. Kxf2 Bd3 52. Ng4+ Kh7 53. Nf4 Bxe2 54. Nxe2 Kg7 55. d6 Kf7 56. Ne5+ Ke6 57. Nc4 a5 58. Ke3 a4 59. Nf4+ Kd7 60. Nd3 axb3 61. Nxc5+ Kc6 62. Nxb3 Ra3 63. Nxa3 Kxd6 1/2-1/2

[Event "69th RUS-ch Women Higher League 2019"]
[Site "Yaroslavl"]
[Date "2019.06.29"]
[Round "3.14"]
[White "Protopopova, Anastasiya"]
[Black "Mukhina, Jana"]
[Result "1-0"]
[ECO "E73"]
[WhiteElo "2272"]
[BlackElo "2090"]
[Annotator "NA"]
[PlyCount "107"]
[EventDate "2019.06.27"]
[EventType "swiss"]
[EventCountry "RUS"]
[SourceTitle "playchess.com"]
[Source "ChessBase"]
[SourceQuality "1"]
[TimeControl "40/5400+30:1800+30"]

1. d4 Nf6 2. c4 g6 3. Nc3 Bg7 4. e4 d6 5. Be2 O-O 6. Bg5 Na6 7. Qd2 e5 8. d5 c6 9. Bd1 Qa5 10. Bc2 Qb4 11. b3 b5 12. a3 Qa5 13. Ra2 bxc4 14. b4 Qb6 15. dxc6 Be6 16. Nge2 Nb8 17. b5 a6 18. Be3 Qc7 19. a4 axb5 20. axb5 Rxa2 21. Nxa2 d5 22. exd5 Nxd5 23. O-O Rd8 24. Rd1 Bf6 25. Nac3 Be7 26. Ra1 Nb4 27. Qc1 N8xc6 28. bxc6 Nxc6 29. Be4 Nd4 30. Ra6 Qd7 31. h3 f5 32. Bc2 Qc8 33. Ra5 f4 34. Bd2 Bxh3 35. Be4 Bb4 36. Ra8 Qd7 37. Rxd8+ Qxd8 38. gxh3 Nxe2+ 39. Nxe2 Bxd2 40. Qxc4+ Kg7 41. Qe6 Qg5+ 42. Kf1 Bb4 43. Ng1 Qe7 44. Qc6 Qc5 45. Qd7+ Qe7 46. Qg4 Qc5 47. Kg2 Be1 48. Qe2 Ba5 49. Nf3 Bb6 50. Qb2 Bc7 51. Qb7 Kf6 52. Qc8 Bb6 53. Qh8+ Ke7 54. Qxh7+ 1-0

[Event "69th RUS-ch Women Higher League 2019"]
[Site "Yaroslavl"]
[Date "2019.06.29"]
[Round "3.15"]
[White "Potapova, Margarita"]
[Black "Loskutova, Viktoriya"]
[Result "1-0"]
[ECO "E12"]
[WhiteElo "2256"]
[BlackElo "2019"]
[Annotator "NA"]
[PlyCount "123"]
[EventDate "2019.06.27"]
[EventType "swiss"]
[EventCountry "RUS"]
[SourceTitle "playchess.com"]
[Source "ChessBase"]
[SourceQuality "1"]
[TimeControl "40/5400+30:1800+30"]

1. d4 Nf6 2. c4 e6 3. Nf3 b6 4. a3 Bb7 5. Nc3 d5 6. Bg5 Be7 7. Qa4+ c6 8. cxd5 Nxd5 9. Bxe7 Qxe7 10. Nxd5 exd5 11. e3 O-O 12. Bd3 Nd7 13. O-O c5 14. dxc5 bxc5 15. Rac1 Nf6 16. Qa5 Rfc8 17. Bf5 Rc6 18. b4 g6 19. Bb1 c4 20. b5 Rc5 21. Qb4 Rc7 22. Qxe7 Rxe7 23. Nd4 a6 24. a4 axb5 25. axb5 Nd7 26. Bc2 Nb6 27. Ra1 Ree8 28. g4 Kf8 29. Kg2 Ke7 30. Kg3 Kd6 31. Kf4 f6 32. h4 Nd7 33. h5 Nf8 34. hxg6 hxg6 35. Rxa8 Rxa8 36. Rh1 Ra2 37. f3 Bc8 38. Rh8 g5+ 39. Kg3 Ke7 40. Nc6+ Kf7 41. Rh2 Kg7 42. Nd4 Ra8 43. Rh1 Kf7 44. Rb1 Ke7 45. Rh1 Kd6 46. Rh6 Ke7 47. Nc6+ Kf7 48. e4 dxe4 49. Bxe4 Bb7 50. Rh1 Bxc6 51. Bxc6 Rc8 52. Rc1 Ke7 53. Rxc4 Nd7 54. Rb4 Ne5 55. Be4 Kd6 56. b6 Rb8 57. b7 Kc7 58. Rb1 Nd7 59. Rc1+ Kb6 60. Rc8 Ka7 61. Rc7 Rd8 62. Rc8 1-0

[Event "69th RUS-ch Women Higher League 2019"]
[Site "Yaroslavl"]
[Date "2019.06.29"]
[Round "3.16"]
[White "Komiagina, Maria"]
[Black "Yakushina, Ekaterina"]
[Result "1-0"]
[ECO "C01"]
[WhiteElo "2254"]
[BlackElo "1783"]
[Annotator "NA"]
[PlyCount "157"]
[EventDate "2019.06.27"]
[EventType "swiss"]
[EventCountry "RUS"]
[SourceTitle "playchess.com"]
[Source "ChessBase"]
[SourceQuality "1"]
[TimeControl "40/5400+30:1800+30"]

1. e4 e6 2. d4 d5 3. exd5 exd5 4. Nf3 Nc6 5. Bd3 Bd6 6. c3 Nge7 7. Qc2 Bg4 8. Nbd2 Qd7 9. O-O h6 10. Re1 O-O 11. Ne5 Bxe5 12. dxe5 Bf5 13. Nf3 Rfe8 14. Nd4 Bxd3 15. Qxd3 Nxd4 16. cxd4 Nc6 17. h3 Nb4 18. Qc3 a5 19. a3 Nc6 20. b3 Ne7 21. Bd2 Nf5 22. Rac1 Rac8 23. Qd3 b6 24. b4 axb4 25. axb4 Ra8 26. Rc2 Ra7 27. Rec1 Rea8 28. Bf4 Ra1 29. Rxa1 Rxa1+ 30. Kh2 Ra4 31. Bd2 Ra7 32. f4 h5 33. g4 hxg4 34. hxg4 Nh6 35. f5 Nxg4+ 36. Kg3 Nh6 37. Bxh6 gxh6 38. Kf4 Ra1 39. b5 Rg1 40. Qh3 h5 41. Rg2+ Rxg2 42. Qxg2+ Kf8 43. Qe2 h4 44. Qh5 Qxb5 45. Qh8+ Ke7 46. Qxh4+ Kd7 47. Qh5 Qf1+ 48. Kg5 Qg1+ 49. Kf6 Qxd4 50. Qxf7+ Kc8 51. Qe6+ Kb7 52. Ke7 Qc5+ 53. Ke8 Qb5+ 54. Kd8 d4 55. Qc8+ Ka7 56. Qxc7+ Ka6 57. Qd6 Qc5 58. f6 Qxd6+ 59. exd6 d3 60. f7 d2 61. f8=Q d1=Q 62. d7 Qd5 63. Qf6 Kb7 64. Ke7 Qc5+ 65. Ke8 Qh5+ 66. Kf8 Qc5+ 67. Kg7 Qc7 68. Qe7 Qg3+ 69. Kf8 Qf4+ 70. Ke8 Qa4 71. Qe5 Ka6 72. Qd5 Ka7 73. Kd8 b5 74. Qc6 Kb8 75. Qb6+ Ka8 76. Kc8 Qc4+ 77. Kd8 Qg8+ 78. Kc7 Qc4+ 79. Qc6+ 1-0

[Event "69th RUS-ch Women Higher League 2019"]
[Site "Yaroslavl"]
[Date "2019.06.29"]
[Round "3.17"]
[White "Dzutseva, Lana"]
[Black "Chernyak, Viktoria"]
[Result "0-1"]
[ECO "D43"]
[WhiteElo "1325"]
[BlackElo "2253"]
[Annotator "NA"]
[PlyCount "103"]
[EventDate "2019.06.27"]
[EventType "swiss"]
[EventCountry "RUS"]
[SourceTitle "playchess.com"]
[Source "ChessBase"]
[SourceQuality "1"]
[TimeControl "40/5400+30:1800+30"]

1. d4 d5 2. c4 c6 3. Nf3 Nf6 4. Nc3 e6 5. Bg5 h6 6. Bh4 Nbd7 7. e3 Be7 8. Bd3 dxc4 9. Bxc4 b5 10. Bd3 Bb7 11. O-O O-O 12. Rc1 a6 13. Bb1 Re8 14. Qd3 Nf8 15. Ne5 Rc8 16. f4 c5 17. Bxf6 Bxf6 18. Ne4 c4 19. Qe2 g6 20. g4 Bg7 21. Qf2 Rc7 22. Nc5 Qd6 23. Nxb7 Rxb7 24. Be4 Rc7 25. h4 Qe7 26. Rc2 Rec8 27. Rfc1 a5 28. g5 h5 29. Qg2 Bxe5 30. fxe5 b4 31. Qd2 Nd7 32. Bf3 Nb6 33. a3 c3 34. bxc3 b3 35. Rb2 Nc4 36. Qe2 Nxb2 37. Qxb2 a4 38. Be2 Qd7 39. c4 Qc6 40. Bd3 Qf3 41. Qf2 Qxf2+ 42. Kxf2 b2 43. Rb1 Rb8 44. c5 Rb3 45. Bc2 Rxa3 46. Rxb2 Ra7 47. Ke2 Kg7 48. Rb1 Kf8 49. Rb8+ Ke7 50. Kd2 Ra1 51. c6 Rc7 52. Be4 0-1

[Event "69th RUS-ch Women Higher League 2019"]
[Site "Yaroslavl"]
[Date "2019.06.29"]
[Round "3.18"]
[White "Lysenko, Margarita"]
[Black "Bivol, Alina"]
[Result "0-1"]
[ECO "E68"]
[WhiteElo "2224"]
[BlackElo "2391"]
[Annotator "NA"]
[PlyCount "102"]
[EventDate "2019.06.27"]
[EventType "swiss"]
[EventCountry "RUS"]
[SourceTitle "playchess.com"]
[Source "ChessBase"]
[SourceQuality "1"]
[TimeControl "40/5400+30:1800+30"]

1. d4 Nf6 2. c4 g6 3. Nf3 Bg7 4. g3 O-O 5. Bg2 d6 6. O-O Nbd7 7. Nc3 e5 8. e4 exd4 9. Nxd4 Re8 10. h3 Nc5 11. Re1 Bd7 12. Bf4 h6 13. g4 h5 14. f3 hxg4 15. fxg4 Nh7 16. Qd2 Ne6 17. Nxe6 Bxe6 18. b3 Be5 19. Bxe5 dxe5 20. Rad1 Qh4 21. Nd5 Rac8 22. Qa5 Bxd5 23. cxd5 Qg3 24. Qd2 Red8 25. Re3 Qh4 26. Rd3 Rd6 27. Qe3 a6 28. Rc1 Qe7 29. Rdc3 c6 30. R1c2 Nf8 31. Kh2 g5 32. Bf1 Ng6 33. a4 Qf6 34. Rf2 Nf4 35. Qa7 Rcd8 36. Qxb7 cxd5 37. exd5 Rxd5 38. Rc6 R5d6 39. Rxa6 Rxa6 40. Qxa6 Qe7 41. Bc4 Kg7 42. Qa5 e4 43. h4 e3 44. Rc2 gxh4 45. Be2 Nxe2 46. Rxe2 Qd6+ 47. Kh1 Qc6+ 48. Kh2 Rd5 49. Qb4 Rd1 50. Re1 Rd2+ 51. Kh3 Qf3+ {[%emt 0:00:08] Re2} 0-1

[Event "69th RUS-ch Women Higher League 2019"]
[Site "Yaroslavl"]
[Date "2019.06.29"]
[Round "3.19"]
[White "Kabanova, Ekaterina"]
[Black "Dimitrova, Aleksandra"]
[Result "0-1"]
[ECO "A17"]
[WhiteElo "2099"]
[BlackElo "2273"]
[Annotator "NA"]
[PlyCount "68"]
[EventDate "2019.06.27"]
[EventType "swiss"]
[EventCountry "RUS"]
[SourceTitle "playchess.com"]
[Source "ChessBase"]
[SourceQuality "1"]
[TimeControl "40/5400+30:1800+30"]

1. Nf3 Nf6 2. c4 e6 3. Nc3 Bb4 4. Qc2 c5 5. a3 Ba5 6. e3 Nc6 7. d4 d6 8. Bd3 O-O 9. O-O h6 10. Rd1 Qe7 11. h3 Bxc3 12. Qxc3 e5 13. Bf1 Bf5 14. b4 e4 15. Nh2 Rac8 16. Bb2 b6 17. b5 cxd4 18. exd4 Na5 19. Qb4 e3 20. Re1 exf2+ 21. Kxf2 Ne4+ 22. Kg1 Qh4 23. Rxe4 Bxe4 24. c5 d5 25. c6 Nxc6 26. bxc6 Rxc6 27. Rc1 Rfc8 28. Rxc6 Rxc6 29. Ng4 Rc2 30. Qb3 Qe1 31. Ne3 Qf2+ 32. Kh2 Rxb2 33. Qc3 Rb1 34. Ba6 Qf4+ 0-1

[Event "69th RUS-ch Women Higher League 2019"]
[Site "Yaroslavl"]
[Date "2019.06.29"]
[Round "3.20"]
[White "Garifullina, Leya"]
[Black "Mokshanova, Elizaveta"]
[Result "1-0"]
[ECO "B48"]
[WhiteElo "2246"]
[BlackElo "2020"]
[Annotator "NA"]
[PlyCount "77"]
[EventDate "2019.06.27"]
[EventType "swiss"]
[EventCountry "RUS"]
[SourceTitle "playchess.com"]
[Source "ChessBase"]
[SourceQuality "1"]
[TimeControl "40/5400+30:1800+30"]

1. e4 c5 2. Nf3 e6 3. d4 cxd4 4. Nxd4 Nc6 5. Nc3 Qc7 6. Be3 Nf6 7. a3 a6 8. Be2 Be7 9. Qd2 b5 10. Nxc6 dxc6 11. f4 Bb7 12. e5 Nd5 13. Nxd5 cxd5 14. O-O O-O 15. Bd4 Bc5 16. c3 Rac8 17. Bd3 f5 18. exf6 Rxf6 19. Qe3 Qd6 20. Rae1 Bxd4 21. cxd4 Rcf8 22. Qe5 Qxe5 23. fxe5 Rf4 24. g3 Rf3 25. Rd1 Rxf1+ 26. Rxf1 Rxf1+ 27. Kxf1 Bc6 28. a4 b4 29. a5 Bb7 30. Ke2 Kf7 31. Kd2 h6 32. Kc2 Ke7 33. Kb3 Kd7 34. Kxb4 Kc7 35. Kc5 Bc8 36. b4 g5 37. b5 h5 38. b6+ Kd7 39. h4 1-0

[Event "69th RUS-ch Women Higher League 2019"]
[Site "Yaroslavl"]
[Date "2019.06.29"]
[Round "3.21"]
[White "Nosacheva, Mariya"]
[Black "Khokhlova, Daria"]
[Result "1-0"]
[ECO "B90"]
[WhiteElo "2150"]
[BlackElo "2234"]
[Annotator "NA"]
[PlyCount "93"]
[EventDate "2019.06.27"]
[EventType "swiss"]
[EventCountry "RUS"]
[SourceTitle "playchess.com"]
[Source "ChessBase"]
[SourceQuality "1"]
[TimeControl "40/5400+30:1800+30"]

1. e4 c5 2. Nf3 d6 3. d4 cxd4 4. Nxd4 Nf6 5. Nc3 a6 6. h3 e6 7. g4 d5 8. exd5 Nxd5 9. Bd2 Bb4 10. Nxd5 Bxd2+ 11. Qxd2 Qxd5 12. O-O-O O-O 13. Bd3 Qxa2 14. Qb4 Rd8 15. Qb6 Re8 16. Nb3 Nc6 17. f4 a5 18. Nd2 Bd7 19. Nb1 Qa4 20. Qxb7 Qxf4+ 21. Rd2 Ne5 22. Qe4 Qxe4 23. Bxe4 Bc6 24. Re1 Bxe4 25. Rxe4 Nc6 26. Rd6 Nb4 27. Na3 Red8 28. Rxd8+ Rxd8 29. c3 Nd3+ 30. Kc2 Nf2 31. Re3 g6 32. Nc4 Rd5 33. Nd2 f5 34. Rf3 Nh1 35. c4 Rc5 36. Kc3 h5 37. gxh5 gxh5 38. Kd4 Rc7 39. Ke5 Kf7 40. Kd6 Rc8 41. Kd7 Rc5 42. Ne4 Re5 43. Nd6+ Kg6 44. Nb7 Re2 45. c5 Rxb2 46. c6 e5 47. Nd6 1-0

[Event "69th RUS-ch Women Higher League 2019"]
[Site "Yaroslavl"]
[Date "2019.06.29"]
[Round "3.22"]
[White "Matveeva, Olga"]
[Black "Bulatova, Kamaliya"]
[Result "1/2-1/2"]
[ECO "A40"]
[WhiteElo "2189"]
[BlackElo "2102"]
[Annotator "NA"]
[PlyCount "89"]
[EventDate "2019.06.27"]
[EventType "swiss"]
[EventCountry "RUS"]
[SourceTitle "playchess.com"]
[Source "ChessBase"]
[SourceQuality "1"]
[TimeControl "40/5400+30:1800+30"]

1. d4 Nf6 2. c4 e6 3. g3 d5 4. Nf3 Bb4+ 5. Bd2 Bd6 6. Qc2 O-O 7. Bg2 c6 8. O-O Nbd7 9. Bg5 h6 10. Bxf6 Nxf6 11. Nbd2 Be7 12. e4 dxe4 13. Nxe4 Nxe4 14. Qxe4 Qb6 15. b3 Bf6 16. c5 Qc7 17. Ne5 Rd8 18. Rfe1 Bd7 19. Rad1 Be8 20. Qe3 Bxe5 21. dxe5 Qa5 22. a4 b6 23. Be4 Rab8 24. Rc1 b5 25. axb5 Qxb5 26. Red1 Kf8 27. Bc2 Rd5 28. Bd3 Qb4 29. Kg2 Rbd8 30. Be2 Qb8 31. Bf3 Rxd1 32. Rxd1 Rc8 33. Rd6 Qb4 34. h4 a5 35. Bd1 Rb8 36. Qd4 Rb5 37. Qd3 Qxc5 38. Rd8 Ke7 39. Bf3 Rb7 40. Ra8 Rd7 41. Qa6 Rc7 42. Qd3 Rd7 43. Qa6 Rc7 44. Qd3 Rd7 45. Qa6 1/2-1/2

[Event "69th RUS-ch Women Higher League 2019"]
[Site "Yaroslavl"]
[Date "2019.06.29"]
[Round "3.23"]
[White "Shaydullina, Sandugach"]
[Black "Filippova, Darya"]
[Result "1/2-1/2"]
[ECO "A70"]
[WhiteElo "2128"]
[BlackElo "2174"]
[Annotator "NA"]
[PlyCount "93"]
[EventDate "2019.06.27"]
[EventType "swiss"]
[EventCountry "RUS"]
[SourceTitle "playchess.com"]
[Source "ChessBase"]
[SourceQuality "1"]
[TimeControl "40/5400+30:1800+30"]

1. d4 Nf6 2. c4 c5 3. d5 e6 4. Nc3 exd5 5. cxd5 d6 6. e4 g6 7. Nf3 Bg7 8. h3 O-O 9. Bd3 b5 10. Bxb5 Nxe4 11. Nxe4 Qa5+ 12. Nfd2 Qxb5 13. Nxd6 Qa6 14. N2c4 Nd7 15. O-O Ne5 16. Qb3 Nxc4 17. Nxc4 Bd7 18. Bf4 Ba4 19. Qd3 Bb5 20. Rac1 Bxb2 21. a4 Bxc4 22. Qxc4 Qf6 23. Rcd1 Rac8 24. Be3 Qf5 25. Qb5 Ba3 26. d6 Rfd8 27. Qc4 Rd7 28. Bh6 Bb2 29. Rfe1 Qh5 30. Bf4 Rb8 31. Rd5 Qh4 32. g3 Qxh3 33. Rxc5 Kg7 34. Rc7 Bf6 35. Qc5 Rbd8 36. a5 h6 37. a6 g5 38. Be5 Qe6 39. Bxf6+ Qxf6 40. Re7 Rxd6 41. Rxa7 Qa1+ 42. Kg2 Rf6 43. Qc4 Rf8 44. Re2 Rd8 45. Ree7 Rf8 46. Re2 Rd8 47. Ree7 1/2-1/2

[Event "69th RUS-ch Women Higher League 2019"]
[Site "Yaroslavl"]
[Date "2019.06.29"]
[Round "3.24"]
[White "Faizutdinova, Diana"]
[Black "Chkhan, Viktoria"]
[Result "1-0"]
[ECO "A11"]
[WhiteElo "2061"]
[BlackElo "2141"]
[Annotator "NA"]
[PlyCount "55"]
[EventDate "2019.06.27"]
[EventType "swiss"]
[EventCountry "RUS"]
[SourceTitle "playchess.com"]
[Source "ChessBase"]
[SourceQuality "1"]
[TimeControl "40/5400+30:1800+30"]

1. c4 c6 2. Nc3 d5 3. cxd5 cxd5 4. d4 Nc6 5. Bf4 Nf6 6. Nf3 e6 7. e3 a6 8. Bd3 Bd6 9. Bg3 O-O 10. Rc1 Qe7 11. Ne5 Nd7 12. f4 Re8 13. O-O Nf8 14. Na4 Bd7 15. Nb6 Rab8 16. Qh5 g6 17. Qh6 Nb4 18. Bh4 f6 19. Ng4 Nxd3 20. Nxf6+ Kf7 21. Nxh7 Nxc1 22. Rxc1 Qxh4 23. Qxh4 Be7 24. Qh6 Bc6 25. g4 Bd8 26. Ng5+ Kg8 27. f5 Bxb6 28. f6 1-0

[Event "69th RUS-ch Women Higher League 2019"]
[Site "Yaroslavl"]
[Date "2019.06.30"]
[Round "4.1"]
[White "Shuvalova, Polina"]
[Black "Tomilova, Elena"]
[Result "0-1"]
[ECO "C96"]
[WhiteElo "2418"]
[BlackElo "2289"]
[Annotator "NA"]
[PlyCount "94"]
[EventDate "2019.06.27"]
[EventType "swiss"]
[EventCountry "RUS"]
[SourceTitle "playchess.com"]
[Source "ChessBase"]
[SourceQuality "1"]
[TimeControl "40/5400+30:1800+30"]

1. e4 e5 2. Nf3 Nc6 3. Bb5 a6 4. Ba4 Nf6 5. O-O Be7 6. Re1 b5 7. Bb3 d6 8. c3 O-O 9. h3 Na5 10. Bc2 d5 11. d4 Nxe4 12. Nxe5 f6 13. Nd3 Bd6 14. a4 Bd7 15. Bf4 f5 16. Bxd6 cxd6 17. Nd2 Nc4 18. Nf1 Qh4 19. axb5 axb5 20. Qf3 Rxa1 21. Rxa1 f4 22. Ra7 Be6 23. Ne1 Ng5 24. Qe2 f3 25. Nxf3 Rxf3 26. Ng3 Rf8 27. b3 Nb6 28. Qxb5 Bxh3 29. Bd1 Nc8 30. Rc7 Be6 31. Bc2 Kh8 32. Qe2 Qf4 33. Nh5 Qc1+ 34. Kh2 Bf7 35. Ng3 Qf4 36. Kg1 g6 37. b4 Nb6 38. Bd3 Nc4 39. b5 Rb8 40. Qe7 Re8 41. Qd7 Re1+ 42. Bf1 Rb1 43. b6 Nxb6 44. Qd8+ Kg7 45. Rb7 Rb2 46. Ne2 Qf6 47. Qc7 Nc4 0-1

[Event "69th RUS-ch Women Higher League 2019"]
[Site "Yaroslavl"]
[Date "2019.06.30"]
[Round "4.2"]
[White "Guseva, Marina"]
[Black "Bodnaruk, Anastasia"]
[Result "1/2-1/2"]
[ECO "E63"]
[WhiteElo "2379"]
[BlackElo "2440"]
[Annotator "NA"]
[PlyCount "88"]
[EventDate "2019.06.27"]
[EventType "swiss"]
[EventCountry "RUS"]
[SourceTitle "playchess.com"]
[Source "ChessBase"]
[SourceQuality "1"]
[TimeControl "40/5400+30:1800+30"]

1. d4 Nf6 2. c4 g6 3. Nf3 Bg7 4. g3 O-O 5. Bg2 d6 6. O-O Nc6 7. Nc3 a6 8. d5 Na5 9. Nd2 c5 10. Qc2 Rb8 11. a4 e5 12. e4 h5 13. h4 Ng4 14. b3 Bd7 15. Ra3 Qe7 16. Nf3 b6 17. Bg5 f6 18. Bd2 Nb7 19. Raa1 a5 20. Rae1 Nd8 21. Qc1 Nf7 22. Nd1 Bh6 23. Bxh6 Nfxh6 24. Ne3 Kg7 25. Nh2 Nxh2 26. Kxh2 f5 27. exf5 Bxf5 28. Nxf5+ Nxf5 29. f4 Nd4 30. Re3 Qc7 31. fxe5 dxe5 32. Be4 Qe7 33. Kg2 Rxf1 34. Qxf1 Rf8 35. Qe1 Qf6 36. Bb1 Nf3 37. Qe2 Nd4 38. Qe1 Rf7 39. Be4 Kh6 40. Rd3 Kg7 41. Re3 Kf8 42. Bb1 Kg7 43. Be4 Rf8 44. Bb1 Rf7 1/2-1/2

[Event "69th RUS-ch Women Higher League 2019"]
[Site "Yaroslavl"]
[Date "2019.06.30"]
[Round "4.3"]
[White "Dordzhieva, Dinara"]
[Black "Kovalevskaya, Ekaterina"]
[Result "1/2-1/2"]
[ECO "A05"]
[WhiteElo "2306"]
[BlackElo "2413"]
[Annotator "NA"]
[PlyCount "60"]
[EventDate "2019.06.27"]
[EventType "swiss"]
[EventCountry "RUS"]
[SourceTitle "playchess.com"]
[Source "ChessBase"]
[SourceQuality "1"]
[TimeControl "40/5400+30:1800+30"]

1. Nf3 Nf6 2. c4 e6 3. g3 d5 4. Bg2 c5 5. O-O Nc6 6. cxd5 exd5 7. d4 Be7 8. dxc5 Bxc5 9. a3 Ne4 10. Nbd2 O-O 11. Nb3 Be7 12. Nbd4 Bf6 13. Be3 Bg4 14. Rc1 Rc8 15. Nxc6 bxc6 16. Bd4 Re8 17. Re1 c5 18. Bxf6 Nxf6 19. Qc2 h6 20. h3 Be6 21. e3 Qb6 22. Ne5 c4 23. Nf3 Rb8 24. Re2 Ne4 25. Nd4 Nc5 26. Rb1 Rec8 27. Qc3 Na4 28. Qc2 Nc5 29. Qc3 Na4 30. Qc2 Nc5 1/2-1/2

[Event "69th RUS-ch Women Higher League 2019"]
[Site "Yaroslavl"]
[Date "2019.06.30"]
[Round "4.4"]
[White "Shafigullina, Zarina"]
[Black "Gritsayeva, Oksana"]
[Result "1-0"]
[ECO "A40"]
[WhiteElo "2240"]
[BlackElo "2381"]
[Annotator "NA"]
[PlyCount "167"]
[EventDate "2019.06.27"]
[EventType "swiss"]
[EventCountry "RUS"]
[SourceTitle "playchess.com"]
[Source "ChessBase"]
[SourceQuality "1"]
[TimeControl "40/5400+30:1800+30"]

1. d4 Nf6 2. c4 e6 3. g3 c5 4. Nf3 cxd4 5. Nxd4 a6 6. Bg2 Qc7 7. b3 Bb4+ 8. Bd2 Bc5 9. Nc2 O-O 10. O-O Be7 11. Nc3 d6 12. Rc1 Nbd7 13. h3 Rb8 14. Nd4 Re8 15. g4 Ne5 16. Bf4 Bd7 17. Bg3 Rbc8 18. e3 g6 19. f4 Nc6 20. Bf3 h6 21. Kh2 Bf8 22. f5 exf5 23. gxf5 g5 24. h4 Ne5 25. hxg5 hxg5 26. Rg1 Bg7 27. Nd5 Nxd5 28. Bxd5 Bc6 29. e4 Bxd5 30. exd5 Qe7 31. Kg2 Qf6 32. Rh1 Re7 33. Rc2 Rce8 34. Qh5 Nd7 35. Qh7+ Kf8 36. Ne6+ fxe6 37. fxe6 Qd4 38. Rf1+ Nf6 39. Rcf2 Rxe6 40. dxe6 Rxe6 41. Qf5 Kf7 42. Qxg5 Kg8 43. Qf5 Qg4 44. Rh1 Qxf5 45. Rxf5 Ne4 46. Bf4 Nc3 47. Kf3 Ne2 48. Rg5 Nd4+ 49. Kg4 Re4 50. Rf1 Ne6 51. Rg6 Kf7 52. Kf5 Re2 53. Bxd6 Nd4+ 54. Kg5+ Kg8 55. Kh5 Re3 56. Bf8 Re5+ 57. Kg4 Re4+ 58. Kh3 Re3+ 59. Kg2 Re2+ 60. Kh1 Ne6 61. Bxg7 Nxg7 62. Rfg1 Re7 63. Kg2 Kf7 64. Kf3 Ne6 65. R6g4 Rd7 66. Rh4 Kf6 67. Rh6+ Kf5 68. Rh5+ Kf6 69. Ke4 Rd4+ 70. Ke3 Rd7 71. Rf1+ Kg6 72. Re5 Rd6 73. Rd5 Rc6 74. Rfd1 Kf6 75. Rd6 Rc8 76. Rb6 Rc7 77. Rdd6 Re7 78. Ke4 Kf7 79. Kd5 Nc7+ 80. Kc5 Na8 81. Rf6+ Kg7 82. Rg6+ Kh7 83. Rh6+ Kg7 84. Rbg6+ 1-0